 Dungeon Crawl Stone Soup version 0.25-a0-353-ged6d54792d (webtiles) character file.

Game seed: 16112739118437288677, levelgen mode: deterministic

2226 kipponium the Firebug (level 9, -8/57 HPs)
             Began as a Demonspawn Fire Elementalist on Jan 3, 2020.
             Was a Follower of Ashenzari.
             Killed from afar by a wyvern (24 damage)
             ... with an exploding inner flame
             ... hexed by the player character
             ... on level 8 of the Dungeon.
             The game lasted 00:45:49 (8740 turns).

kipponium the Firebug (DsFE)                        Turns: 8740, Time: 00:45:49

Health: -8/57      AC:  7    Str:  8    XL:     9   Next: 13%
Magic:  5/16       EV: 12    Int: 21    God:    Ashenzari [*.....]
Gold:   369        SH:  0    Dex: 13    Spells: 5/18 levels left

rFire    . . .     SeeInvis +   l - +1 spear (flame)
rCold    . . .     Gourm    .   (no shield)
rNeg     . . .     Faith    .   a - +0 robe
rPois    .         Spirit   .   (helmet restricted)
rElec    .         Reflect  .   w - +1 cloak
rCorr    .         Harm     .   (no gloves)
MR       .....                  y - +0 pair of boots
Stlth    ++........             (no amulet)
HPRegen  3.19/turn              f - ring of see invisible
MPRegen  0.15/turn              (no ring)

@: no status effects
A: antennae 2, molten scales 1, powered by death 3
a: Curse Item, Scrying, Renounce Religion


You were on level 8 of the Dungeon.
You worshipped Ashenzari.
Ashenzari was aware of your devotion.
You were hungry.

You visited 2 branches of the dungeon, and saw 9 of its levels.

You collected 369 gold pieces.

Inventory:

Hand Weapons
 d - a +0 dagger
 l - a +1 spear of flaming (weapon)
Missiles
 p - 37 poisoned darts (quivered)
Armour
 a - a +0 robe (worn)
 n - a +0 buckler
 w - a +1 cloak (worn)
 y - a +0 pair of boots (worn)
Jewellery
 f - a ring of see invisible (left hand)
Wands
 u - a wand of random effects (21)
Scrolls
 g - 4 scrolls of teleportation
 h - 5 scrolls of amnesia
 j - a scroll of fear {unknown}
 m - 2 scrolls of enchant armour {unknown}
 o - 3 scrolls of identify {unknown}
 r - a scroll of enchant weapon {unknown}
 s - a scroll of blinking {unknown}
 t - a scroll of fog {unknown}
 z - 2 scrolls of remove curse
 B - a scroll of magic mapping {unknown}
 D - a scroll of vulnerability {unknown}
Potions
 b - 3 potions of magic {unknown}
 e - 2 potions of lignification {unknown}
 i - 3 potions of heal wounds {unknown}
 k - 7 potions of curing
 q - a potion of ambrosia {unknown}
 v - a potion of cancellation {unknown}
 x - 2 potions of haste {unknown}
 A - 3 potions of degeneration {unknown}
Comestibles
 c - 19 rations


   Skills:
 - Level 1.7 Dodging
 - Level 1.7 Stealth
 - Level 5.0 Spellcasting
 - Level 5.1 Conjurations
 + Level 1.4 Hexes
 * Level 4.6 Translocations
 + Level 7.8 Fire Magic


You had 5 spell levels left.
You knew the following spells:

 Your Spells              Type           Power        Failure   Level  Hunger
a - Foxfire               Conj/Fire      ####         1%          1    None
b - Conjure Flame         Conj/Fire      ####....     2%          3    ##.....
c - Inner Flame           Hex/Fire       ###.....     4%          3    ##.....
d - Sticky Flame          Conj/Fire      ####....     8%          4    ####...
e - Blink                 Tloc           N/A          2%          2    None

Your spell library contained the following spells:

 Spells                   Type           Power        Failure   Level  Hunger
 Magic Dart               Conj           ####         1%          1    None
 Slow                     Hex            ##......     9%          2    None
 Call Imp                 Summ           #.......     16%         2    None
 Mephitic Cloud           Conj/Pois/Air  ##......     16%         3    ##.....
 Fireball                 Conj/Fire      ####......   22%         5    #####..


Dungeon Overview and Level Annotations

Branches:
Dungeon (8/15)             Temple (1/1) D:4
   Lair: D:8-11

Altars:
Ashenzari
Cheibriados
Elyvilon
Fedhas
Gozag
Hepliaklqana
Makhleb
Nemelex Xobeh
Okawaru
Ru
Sif Muna
Trog
Uskayaw
Yredelemnul
Zin
The Shining One

Shops:
D:4 (   D:6 *


Innate Abilities, Weirdness & Mutations

You have a pair of antennae on your head.
You are partially covered in molten scales. (AC +2)
You regenerate a lot of health from kills.


Message History

* * * LOW HITPOINT WARNING * * *
The wyvern completely misses you.
You barely miss the wyvern.
The wyvern is moderately wounded.
The wyvern closely misses you.
Casting: Foxfire (safe; 1% risk of failure)
Confirm with . or Enter, or press ? or * to list all spells.
Aiming: Sticky Flame (safe; 8% risk of failure)
Press: ? - help, Shift-Dir - straight line, f/p - wyvern
Aim: a wyvern (moderately wounded, inner flame)
The sticky flame hits the wyvern!
Flame seeps out of the wyvern.
The wyvern is severely wounded.
The wyvern is covered in liquid flames!
The wyvern burns!
Flame seeps out of the wyvern.
The wyvern is engulfed in blazing flames.
The wyvern explodes!
The fiery explosion engulfs the orc!!
You kill the orc!
The fiery explosion engulfs you!!
You die...

#....[.#..o.
#......# .
#.....##
#.....#
#.....#
#..ooo#
####§## #○#
#@# #.# #<#
#.# # #.#.#
#.#.#####
#..
#........
+..
#.#.#####
#.[
#........
#o.


You could see an orc priest, an orc wizard (invisible) and an orc.

Vanquished Creatures
  A hornet (D:7)
  A wyvern (D:8)
  Eustachio (D:5)
  Duvessa (D:7)
  2 ice beasts
  A sky beast (D:3)
  A black bear (D:7)
  A phantom (D:7)
  An ogre (D:5)
  A centaur (D:7)
  2 bullfrogs
  A water moccasin zombie (D:5)
  Dowan (D:7)
  A bullfrog zombie (D:6)
  4 hounds
  Crazy Yiuf (D:5)
  2 jellies (D:7)
  An orc wizard (D:3)
  A bullfrog skeleton (D:3)
  An iguana (D:4)
  Terence (D:3)
  6 worker ants
  Robin (D:2)
  A worker ant zombie (D:6)
  A howler monkey skeleton (D:7)
  11 adders
  4 shadow imps
  2 oozes
  An adder skeleton (D:4)
  3 worms
  3 dart slugs
  2 leopard geckos
  9 orcs
  5 giant cockroaches
  7 hobgoblins
  8 jackals
  6 quokkas
  10 bats
  5 frilled lizards
  15 goblins
  2 jackal skeletons
  5 kobolds
  A leopard gecko skeleton (D:4)
  9 rats
144 creatures vanquished.

Vanquished Creatures (others)
  502 foxfires
  A fungus (D:8)
  A plant (D:8)
504 creatures vanquished.

Grand Total: 648 creatures vanquished

Notes
Turn   | Place    | Note
-------+----------+-------------------------------------------
     0 | D:1      | kipponium the Demonspawn Fire Elementalist began the quest
                  | for the Orb.
     0 | D:1      | Reached XP level 1. HP: 13/13 MP: 3/3
   332 | D:1      | Reached skill level 3 in Fire Magic
   507 | D:1      | Gained mutation: You have a pair of small antennae on your
                  | head. [demonic ancestry]
   507 | D:1      | Reached XP level 2. HP: 19/19 MP: 1/5
  1049 | D:2      | Gained mutation: You are partially covered in molten
                  | scales. (AC +2) [demonic ancestry]
  1049 | D:2      | Reached XP level 3. HP: 20/24 MP: 2/6
  1332 | D:2      | Learned a level 3 spell: Conjure Flame
  1387 | D:2      | Noticed Robin
  1549 | D:2      | Killed Robin
  1549 | D:2      | Gained mutation: You have a pair of antennae on your head.
                  | [demonic ancestry]
  1549 | D:2      | Reached XP level 4. HP: 25/30 MP: 1/8
  2217 | D:3      | Reached skill level 4 in Fire Magic
  2356 | D:3      | Gained mutation: You regenerate a little health from kills.
                  | [demonic ancestry]
  2356 | D:3      | Reached XP level 5. HP: 17/35 MP: 0/9
  2730 | D:3      | Noticed Terence
  2752 | D:3      | Killed Terence
  2873 | D:3      | Noticed a sky beast
  2890 | D:3      | Killed a sky beast
  2890 | D:3      | Reached XP level 6. HP: 34/41 MP: 3/11
  3017 | D:3      | Learned a level 3 spell: Inner Flame
  3022 | D:3      | Learned a level 4 spell: Sticky Flame
  3776 | D:4      | Found Ocobetyll's Weapon Emporium.
  3844 | D:4      | Found a staircase to the Ecumenical Temple.
  3849 | Temple   | Entered the Ecumenical Temple
  4048 | Temple   | Became a worshipper of Ashenzari the Shackled
  4947 | D:5      | Entered Level 5 of the Dungeon
  4960 | D:5      | Learned a level 2 spell: Blink
  5189 | D:5      | Found a runed translucent door.
  5190 | D:5      | Noticed Crazy Yiuf
  5207 | D:5      | Reached * piety under Ashenzari
  5232 | D:4      | Gained mutation: You regenerate health from kills. [demonic
                  | ancestry]
  5232 | D:4      | Reached XP level 7. HP: 18/46 MP: 7/13
  5482 | D:5      | Reached skill level 1 in Translocations
  5482 | D:5      | Reached skill level 5 in Fire Magic
  5639 | D:5      | Noticed Eustachio
  6125 | D:5      | Killed Eustachio
  6379 | D:5      | Killed Crazy Yiuf
  6379 | D:5      | Reached skill level 5 in Spellcasting
  6517 | D:6      | Gained mutation: You regenerate a lot of health from kills.
                  | [demonic ancestry]
  6517 | D:6      | Reached XP level 8. HP: 50/52 MP: 12/15
  6669 | D:6      | Found Zin's Purification Station.
  6670 | D:6      | Found a glowing silver altar of Zin.
  7457 | D:7      | Reached skill level 5 in Conjurations
  7461 | D:7      | Reached skill level 6 in Fire Magic
  7531 | D:7      | Noticed a hornet
  7540 | D:7      | Killed a hornet
  7540 | D:7      | Reached skill level 1 in Hexes
  7696 | D:7      | Reached skill level 7 in Fire Magic
  7919 | D:7      | Noticed Duvessa
  7944 | D:7      | Killed Duvessa
  7957 | D:7      | Noticed Dowan
  8047 | D:7      | Killed Dowan
  8047 | D:7      | Reached XP level 9. HP: 57/57 MP: 11/16
  8155 | D:7      | Found a snail-covered altar of Cheibriados.
  8357 | D:7      | Found an iron altar of Okawaru.
  8740 | D:8      | Killed from afar by a wyvern

Levels and vault maps discovered:
D:1:      dpeg_arrival_lava_temple_mockup, layout_basic, serial_park_tiny_2,
          chequers_jeans
D:2:      layout_basic, first_ration, uniq_robin
D:3:      kb_forest_paths, layout_basic, uniq_terence
D:4:      layout_basic, temple_doors_cd, serial_shops,
          nicolae_shop_window_shopping, minmay_strange_pillars
D:5:      cheibrodos_quashed, layout_rooms, minmay_misc_feat_nine_boxes,
          fountainhead, uniq_crazy_yiuf_cottage, uniq_eustachio
D:6:      layout_gridville, zin_purify, minmay_strange_pillars
D:7:      layout_rooms, nicolae_overflow_crystal_walls, lemuel_crystal_altar,
          uniq_duvessa
D:8:      layout_basic, grunt_temple_overflow_open, old_standard_altar,
          grunt_lair_entry_orc_guard_hut, blue_anna_alchemist
          [blue_anna_fruit_fields, blue_anna_fruit_fields]
Temple:   nicolae_temple_figure_eight

Skill      XL: |  1  2  3  4  5  6  7  8 |
---------------+-------------------------+-----
Fire Magic     | 3 4 5 7 |  7.8
Conjurations   | 2 3 4 5 |  5.1
Spellcasting   | 3 4 5 |  5.0
Translocations | 2 4 |  4.6
Hexes          | 1 |  1.4
Dodging        | |  1.7
Stealth        | |  1.7

Action                   |  1- 3 |  4- 6 |  7- 9 || total
-------------------------+-------+-------+-------++-------
Melee: Dagger            |    12 |     1 |       ||    13
       Spear             |       |    43 |    93 ||   136
 Cast: Foxfire           |    53 |   146 |   132 ||   331
       Conjure Flame     |     1 |     2 |     4 ||     7
       Sticky Flame      |       |     1 |     2 ||     3
       Blink             |       |       |     2 ||     2
       Inner Flame       |       |       |     5 ||     5
  Use: Scroll            |       |       |     2 ||     2
  Eat: Chunk             |     2 |    12 |     8 ||    22
       Ration            |       |       |     1 ||     1
Armor: Robe              |     9 |    17 |    41 ||    67
Dodge: Dodged            |    19 |    49 |    96 ||   164

Table legend:
 A = Non-vault XP
 B = Vault XP
 C = Vault XP percentage of total XP
 D = Non-vault monster count
 E = Vault monster count
 F = Vault count percentage of total count
                 A         B        C        D         E       F
            +---------+---------+-------+---------+---------+-------
      Total |    2621 |     559 |  17.6 |     121 |      23 |  16.0
            +---------+---------+-------+---------+---------+-------
        D:1 |      32 |       0 |   0.0 |      12 |       0 |   0.0
        D:2 |      88 |      35 |  28.5 |      20 |      12 |  37.5
        D:3 |     257 |      58 |  18.4 |      28 |       7 |  20.0
        D:4 |     144 |       0 |   0.0 |      16 |       0 |   0.0
        D:5 |     513 |     243 |  32.1 |      17 |       2 |  10.5
        D:6 |     261 |       0 |   0.0 |       7 |       0 |   0.0
        D:7 |    1021 |     223 |  17.9 |      15 |       2 |  11.8
        D:8 |     305 |       0 |   0.0 |       6 |       0 |   0.0
            +---------+---------+-------+---------+---------+-------
